 Dungeon Crawl Stone Soup version 0.27.1-34-g3ba077fa99 (webtiles) character file.

Game seed: 2161517387740871825

3798 LLlMATKO the Cleaver (level 9, -7/124 HPs)
             Began as a Minotaur Berserker on Jan 23, 2022.
             Was a Priest of Trog.
             Mangled by sankara's ghost (10 damage)
             ... on level 6 of the Dungeon.
             The game lasted 00:07:59 (7996 turns).

LLlMATKO the Cleaver (Minotaur Berserker)           Turns: 7996, Time: 00:07:59

Health: -7/124     AC: 11    Str: 22    XL:     9   Next: 96%
Magic:  8/8        EV: 11    Int:  4    God:    Trog [***...]
Gold:   234        SH:  0    Dex: 13    Spells: 8/8 levels left

rFire    . . .     SeeInvis +   u - +0 war axe
rCold    . . .     Faith    .   (no shield)
rNeg     . . .     Spirit   .   s - +0 chain mail
rPois    .         Reflect  .   (helmet restricted)
rElec    .         Harm     .   (no cloak)
rCorr    .         Rampage  .   (no gloves)
Will     .....                  (no boots)
Stlth    ..........             (no amulet)
HPRegen  0.30/turn              t - ring of see invisible
MPRegen  0.11/turn              (no ring)

@: berserking, studying Bows, very quick
A: horns 2, retaliatory headbutt
a: Renounce Religion, Berserk, Trog's Hand


You were on level 6 of the Dungeon.
You worshipped Trog.
Trog was most pleased with you.
You visited 1 branch of the dungeon, and saw 6 of its levels.

You collected 234 gold pieces.

Inventory:

Hand Weapons
 f - a +0 scythe
 u - a +0 war axe (weapon)
Missiles
 a - 8 bolts
 h - 225 stones (quivered)
 j - 84 sling bullets
 k - 12 boomerangs
 l - 2 throwing nets
 x - 15 poisoned darts
Armour
 s - a +0 chain mail (worn)
Jewellery
 t - a ring of see invisible (left hand)
 v - an amulet of the acrobat
Scrolls
 d - 2 scrolls of identify
 g - 5 scrolls of teleportation {unknown}
 m - a scroll of brand weapon {unknown}
 n - 2 scrolls of noise {unknown}
 o - a scroll of torment {unknown}
 q - a scroll of fear {unknown}
 w - a scroll of blinking {unknown}
Potions
 b - a potion of heal wounds {unknown}
 c - 2 potions of haste
 e - 2 potions of cancellation
 i - a potion of magic {unknown}
 p - 2 potions of brilliance {unknown}
 r - a potion of curing {unknown}


   Skills:
 + Level 9.3 Fighting
 + Level 9.3 Axes
 + Level 8.9 Armour
 + Level 8.2 Dodging


You had 8 spell levels left.
You didn't know any spells.
Your spell library was empty.

Dungeon Overview and Level Annotations

Branches:
Dungeon (6/15)             Temple (0/1) D:4

Altars:

Shops:
D:2 (   D:5 =

Portals:
Abyss: D:6

Annotations:
D:6 1 transporter, sankara's ghost, novice MiTm


Innate Abilities, Weirdness & Mutations

You have a pair of horns on your head.
You reflexively headbutt those who attack you in melee.


Message History

A red film seems to cover your vision as you go berserk!
You feel yourself moving faster!
You feel mighty! The orc warrior barely misses you. You furiously retaliate!
You headbutt the orc warrior!
Sankara's ghost hits you but does no damage.
You slash sankara's ghost!
Sankara's ghost is moderately damaged.
You barely miss the orc warrior.
The orc warrior hits you with a +1 halberd of distortion.
Space bends around you.
You closely miss sankara's ghost. Your headbutt misses sankara's ghost.
Sankara's ghost is moderately damaged.
You closely miss the orc warrior. Sankara's ghost closely misses you.
You furiously retaliate!
You headbutt sankara's ghost.
The orc warrior hits you with a +1 halberd of distortion!
Space warps horribly around you!
* * * LOW HITPOINT WARNING * * *
You hit sankara's ghost.
Sankara's ghost is moderately damaged.
You hit the orc warrior.
Sankara's ghost hits you but does no damage.
Unknown command.
You closely miss sankara's ghost. You headbutt sankara's ghost!!
Sankara's ghost is severely damaged.
You hit the orc warrior but do no damage.
The orc warrior hits you with a +1 halberd of distortion!
* * * LOW HITPOINT WARNING * * *
Space bends around you.
* * * LOW HITPOINT WARNING * * *
You hit sankara's ghost.
Sankara's ghost is almost destroyed.
Your chain mail prevents you from hitting the orc warrior.
Sankara's ghost hits you.
* * * LOW HITPOINT WARNING * * *
The orc warrior barely misses you.
Unknown command.
You hit sankara's ghost. Your headbutt misses sankara's ghost.
Sankara's ghost is almost destroyed.
You barely miss the orc warrior. Sankara's ghost hits you!
You die...

######## ######
#......###....###
#......##..##...### #
##..###....♣##♣©...## ##
#..[#$##..###@####..#
.###...#..#..#©:Wo©.♣#.#
#.....##5##..##.#....#.#
......#..#♣...###.#∩##.#
......###.##....#..##..##
......## x.###©##..##...#
.##....#♣#..####..#.##..#
####.....#..#.o.##...#..#
.# ##...#♣.#...###..##..#


You could see an orc warrior and sankara's ghost.

Vanquished Creatures
  The ghost of diceflayer the Cleaver, a novice MiFi of Okawaru (D:5)
  A small abomination (D:6)
  Sigmund (D:2)
  4 yaks (D:5)
  Eustachio (D:6)
  A water moccasin (D:6)
  A black bear (D:6)
  2 sky beasts (D:6)
  An orc warrior (D:5)
  A necrophage (D:3)
  2 ogres
  2 ice beasts
  2 centaurs (D:5)
  A phantom (D:5)
  A kobold brigand (D:6)
  3 scorpions
  A water moccasin zombie (D:6)
  3 wights
  2 centaur zombies (D:5)
  3 hounds
  An orc priest (D:6)
  A centaur skeleton (D:5)
  3 jellies
  Jessica (D:2)
  2 iguanas
  3 orc wizards
  A killer bee zombie (D:5)
  Robin (D:2)
  8 gnolls
  5 adders
  An adder skeleton (D:4)
  A worm (D:3)
  13 orcs
  4 bats (D:3)
  5 endoplasms
  4 giant cockroaches
  10 goblins
  6 hobgoblins
  4 jackals (D:4)
  14 kobolds
  5 quokkas
  5 ball pythons
  3 frilled lizards
  A quokka skeleton (D:4)
  2 rats
138 creatures vanquished.

Notes
Turn   | Place    | Note
-------+----------+-------------------------------------------
     0 | D:1      | LLlMATKO the Minotaur Berserker began the quest for the
                  | Orb.
     0 | D:1      | Reached XP level 1. HP: 19/19 MP: 0/0
     2 | D:1      | Noticed a troll
     2 | D:1      | Noticed a minotaur
     4 | D:1      | Noticed a vine stalker
     4 | D:1      | Noticed a demonspawn
     6 | D:1      | Noticed an elf
     8 | D:1      | Noticed an octopode
     8 | D:1      | Noticed a gargoyle
    10 | D:1      | Noticed a draconian
    12 | D:1      | Noticed a formicid
    12 | D:1      | Noticed an ogre
    14 | D:1      | Noticed a demigod
    14 | D:1      | Noticed a barachi
    16 | D:1      | Noticed a djinni
    16 | D:1      | Noticed a tengu
    18 | D:1      | Noticed a palentonga
    18 | D:1      | Noticed a ghoul
    20 | D:1      | Noticed a spriggan
    20 | D:1      | Noticed a naga
    22 | D:1      | Noticed a felid
    22 | D:1      | Noticed a human
    24 | D:1      | Noticed a dwarf
    26 | D:1      | Noticed a vampire
    26 | D:1      | Noticed a merfolk
   318 | D:1      | You fall into a shaft and drop 1 floor!
   323 | D:2      | Reached XP level 2. HP: 27/27 MP: 1/1
   346 | D:2      | Noticed Sigmund
   356 | D:2      | Killed Sigmund
   357 | D:2      | Reached XP level 3. HP: 34/34 MP: 2/2
   357 | D:2      | Reached XP level 4. HP: 41/41 MP: 3/3
   357 | D:2      | Reached XP level 5. HP: 47/47 MP: 4/4
   378 | D:2      | Noticed Robin
   390 | D:2      | Killed Robin
  1316 | D:2      | Noticed Jessica
  1321 | D:2      | Killed Jessica
  1322 | D:2      | Reached skill level 5 in Fighting
  1322 | D:2      | Reached skill level 5 in Axes
  1840 | D:2      | Found Baikh's Weapon Emporium.
  1855 | D:2      | Reached ** piety under Trog
  1862 | D:2      | Reached XP level 6. HP: 56/56 MP: 5/5
  1986 | D:2      | Found Baikh's Weapon Emporium.
  2487 | D:3      | Found a faded altar of an unknown god.
  3868 | D:4      | Found a staircase to the Ecumenical Temple.
  3910 | D:4      | Reached skill level 5 in Armour
  3910 | D:4      | Reached XP level 7. HP: 37/62 MP: 6/6
  4521 | D:5      | Entered Level 5 of the Dungeon
  4521 | D:5      | Noticed a yak
  4521 | D:5      | Noticed a yak
  4521 | D:5      | Noticed a yak
  4521 | D:5      | Noticed a yak
  4525 | D:5      | Killed a yak
  4526 | D:5      | Reached skill level 5 in Dodging
  4528 | D:5      | Killed a yak
  4532 | D:5      | Killed a yak
  4533 | D:5      | Reached XP level 8. HP: 50/71 MP: 7/7
  5079 | D:5      | Reached *** piety under Trog
  5268 | D:5      | Found Luibisai's Jewellery Emporium.
  5282 | D:5      | Noticed diceflayer's ghost (novice MiFi)
  5293 | D:5      | Found a runed translucent door.
  5942 | D:5      | Killed diceflayer's ghost
  5943 | D:5      | Reached XP level 9. HP: 26/81 MP: 8/8
  6928 | D:6      | Noticed Eustachio
  6964 | D:6      | Killed Eustachio
  7783 | D:6      | Found a transporter.
  7788 | D:6      | Noticed sankara's ghost (novice MiTm)
  7789 | D:6      | Found a one-way gate to the infinite horrors of the Abyss.
  7799 | D:6      | Found a transporter.
  7995 | D:6      | HP: 3/124 [sankara's ghost (5)]
  7996 | D:6      | Mangled by sankara's ghost

Illustrated notes

Levels and vault maps discovered:
D:1:      kb_arrival_jail, layout_basic
D:2:      layout_basic, serial_shops, nicolae_shop_behind_doors, uniq_jessica,
          uniq_sigmund, uniq_robin
D:3:      layout_loops_ring, ebering_ecumenical_altar_webs
D:4:      layout_basic, minmay_temple_entry_purple_smoke, st_stairs_2
D:5:      layout_rooms, hellmonk_ghost_happy_afterlife, serial_shops, shop
D:6:      layout_cave_pools, gammafunk_ghost_abyssal_escape, minmay_manual_moon,
          uniq_eustachio

Skill      XL: |  1  2  3  4  5  6  7  8  9 |
---------------+----------------------------+-----
Fighting       | 4 5 6 8 9 |  9.3
Axes           | 4 5 6 8 9 |  9.3
Armour         | 3 4 5 6 7 8 |  8.9
Dodging        | 3 4 5 7 8 |  8.2

Action                   |  1- 3 |  4- 6 |  7- 9 || total
-------------------------+-------+-------+-------++-------
Melee: Hand axe          |    20 |   123 |    85 ||   228
       Headbutt          |     4 |    15 |    45 ||    64
       War axe           |       |       |   130 ||   130
Invok: Berserk           |     1 |     2 |    11 ||    14
  Use: Scroll            |       |       |     5 ||     5
Armor: Animal skin       |     3 |     7 |       ||    10
       Ring mail         |       |    13 |    14 ||    27
       Chain mail        |       |       |   104 ||   104
Dodge: Dodged            |     8 |    86 |   151 ||   245
